AoeStats
← Bazz

Arena

509506348Analyzed
1v1 RM · 4d ago on Sep 27, 2026· 44m 49s· 2 players
Game mode
Random Map
Map size
Tiny (2 player)
Population
200
Speed
Normal
Resources
Standard
Victory
Conquest
Starting age
Dark Age
Ending age
Imperial Age
RankedLock teamsTeams togetherTeam positionsShared explorationLock speedFull tech treeHidden civsTurbo modeCheats
Victory
Defeat
🇦🇺 Persians · Australia
821
+16
🇳🇱 Magyars · Netherlands
829
-16
Bazz
12:21 Feudal Age
12:42 Loom
13:14 Double-Bit Axe
14:08 Horse Collar
19:36 Castle Age
21:24 Wheelbarrow
21:07 Gold Mining
21:07 Stone Mining
21:56 Heavy Plow
22:50 Husbandry
23:24 Squires
24:38 Pikeman
30:47 Hand Cart
39:23 Imperial Age
42:46 Conscription
43:59 Halberdier
44:32 Onager
SmellyMcSmonker
10:54 Feudal Age
11:57 Double-Bit Axe
12:36 Town Watch
18:08 Castle Age
16:51 Stone Mining
17:12 Loom
18:02 Horse Collar
19:31 Scale Barding Armor
21:33 Gold Mining
21:46 Heavy Plow
23:54 Fletching
24:43 Scale Mail Armor
25:47 Gold Shaft Mining
26:47 Bow Saw
27:25 Pikeman
28:50 Chain Mail Armor
30:57 Bodkin Arrow
32:58 Corvinian Army
33:19 Chain Barding Armor
37:31 Imperial Age
37:40 Wheelbarrow
37:40 Town Patrol
39:32 Murder Holes
42:13 Bracer
Connection lost

Rejoining the realm…

Still unreachable

The connection could not be restored.

Session expired

The server has moved on; the page needs a fresh start.